[Event "Fast Chess"]
[Site "ChessKid.com"]
[Date "2020.03.31"]
[Round "3"]
[White "Hessenberger, Oliver"]
[Black "Dai, Lana"]
[Result "0-1"]
[ECO "C50"]
[WhiteElo "963"]
[BlackElo "1160"]
[PlyCount "102"]
[EventDate "2020.??.??"]
[TimeControl "900"]
[WhiteClock "0:10:15"]
[BlackClock "0:10:12"]

1. e4 e5 2. Nf3 Nc6 3. Nc3 Bc5 4. Bc4 Nf6 5. d3 h6 6. O-O d6 7. Be3 Bxe3 8. fxe3 Bg4 9. Qe2 Nb4 10. a3 Nc6 11. d4 exd4 12. exd4 Nxd4 13. h3 Nxe2+ 14. Kh1 Nxc3 15. Rfe1 Bxf3 16. gxf3 O-O 17. bxc3 d5 18. exd5 Nxd5 19. Bxd5 Qxd5 20. Red1 Qxf3+ 21. Kg1 Qg3+ 22. Kf1 Qxh3+ 23. Ke1 Rfe8+ 24. Kf2 Qe3+ 25. Kf1 Qe2+ 26. Kg1 Rad8 27. Rxd8 Rxd8 28. Rf1 Qe3+ 29. Rf2 Rd1+ 30. Kg2 Qe4+ 31. Rf3 Rd2+ 32. Kg3 Qg6+ 33. Kf4 Qf6+ 34. Ke3 Qd6 35. Ke4 Rxc2 36. Ke3 Qd2+ 37. Ke4 Qe2+ 38. Re3 Qc4+ 39. Kf3 Qf1+ 40. Ke4 Qg2+ 41. Rf3 Re2+ 42. Kf4 Rf2 43. c4 Qxf3+ 44. Ke5 Qe3+ 45. Kd5 c6+ 46. Kd6 Rd2+ 47. Kc7 b5 48. Kxc6 bxc4 49. a4 c3 50. Kb7 Qb6+ 51. Ka8 Rd8# {[%emt 0:00:04] TopBrownCave won by checkmate} 0-1

[Event "Fast Chess"]
[Site "ChessKid.com"]
[Date "2020.03.31"]
[Round "3"]
[White "Rosenkranz, Benjamin"]
[Black "Li, Tobias"]
[Result "1-0"]
[ECO "C47"]
[WhiteElo "1170"]
[BlackElo "1241"]
[PlyCount "43"]
[EventDate "2020.??.??"]
[TimeControl "900"]
[WhiteClock "0:12:17"]
[BlackClock "0:12:01"]

1. e4 e5 2. Nf3 Nc6 3. Nc3 Bc5 4. d3 Nf6 5. Bg5 Be7 6. Qd2 d6 7. O-O-O O-O 8. Nh4 h6 9. Be3 Bg4 10. f3 Be6 11. Qf2 Nxe4 12. fxe4 Bxh4 13. Qf3 Bf6 14. Qg3 Bg5 15. Bxg5 Qxg5+ 16. Qxg5 h5 17. Qxh5 g6 18. Qh6 Nd4 19. Ne2 Nc6 20. Ng3 Bg4 21. Rd2 Ne7 22. Rf2 {[%emt 0:00:17] FineBeamingStage
won by resignation} 1-0

[Event "Fast Chess"]
[Site "ChessKid.com"]
[Date "2020.03.31"]
[Round "3"]
[White "Sasse, Gabriel"]
[Black "Halimi, Dorian"]
[Result "1-0"]
[ECO "C55"]
[WhiteElo "1213"]
[BlackElo "893"]
[PlyCount "27"]
[EventDate "2020.??.??"]
[TimeControl "900"]
[WhiteClock "0:13:17"]
[BlackClock "0:14:20"]

1. e4 e5 2. Nf3 Nc6 3. Bc4 Bc5 4. Nc3 Nf6 5. h3 Qe7 6. O-O O-O 7. Ne1 Nxe4 8. Nxe4 b6 9. Bd3 Bb7 10. Nxc5 Rfb8 11. Qg4 bxc5 12. Qh5 a6 13. Qxh7+ Kf8 14. Qh8# {[%emt 0:00:04]
LimeFarActor won by checkmate} 1-0

[Event "Fast Chess"]
[Site "ChessKid.com"]
[Date "2020.03.31"]
[Round "3"]
[White "Kulcsar, Lisa"]
[Black "Donchev, Martin"]
[Result "0-1"]
[ECO "B00"]
[WhiteElo "828"]
[BlackElo "933"]
[PlyCount "50"]
[EventDate "2020.??.??"]
[TimeControl "900"]
[WhiteClock "0:10:06"]
[BlackClock "0:09:22"]

1. e4 e5 2. Bd3 Nf6 3. Nf3 Nc6 4. O-O Bc5 5. a4 O-O 6. c4 d6 7. Qb3 Bg4 8. Be2 Nh5 9. Ra2 g5 10. Qxb7 Rc8 11. Qxc6 Rb8 12. Qd5 Bxf3 13. Bxf3 Nf4 14. d3 h6 15. b3 h5 16. Bxh5 g4 17. Bxg4 Nxd5 18.
exd5 a6 19. Re1 Re8 20. Ba3 a5 21. d4 exd4 22. Nd2 d3 23.
Bb4 Bxb4 24. Rd1 Bxd2 25. Rdxd2 Re1# {[%emt 0:00:07] ShyDarkIsland
won by checkmate} 0-1

[Event "Fast Chess"]
[Site "ChessKid.com"]
[Date "2020.04.02"]
[Round "1"]
[White "Dai, Lana"]
[Black "Sasse, Gabriel"]
[Result "1-0"]
[ECO "C50"]
[WhiteElo "1182"]
[BlackElo "1188"]
[PlyCount "143"]
[EventDate "2020.??.??"]
[TimeControl "600"]
[WhiteClock "0:06:06"]
[BlackClock "0:01:53"]

1. e4 e5 2. Nc3 Nc6 3. Bc4 Bc5 4. Nf3 Nf6 5. d3 h6 6. O-O O-O 7. Nh4 d6 8. h3 Nh5 9. Qxh5 Na5 10. Bd5 c6 11. Bb3 Nxb3 12. cxb3 Bd4 13. Bd2 Bd7 14. Nf5 Be8 15. Qg4 Qf6 16. Bxh6 Bxf2+ 17. Rxf2 Bd7 18. Ne7+ Kh8 19. Bxg7+ Qxg7 20. Qh5+ Qh7 21.
Qxh7+ Kxh7 22. Raf1 Be6 23. Nf5 Bxf5 24. Rxf5 Kg7 25. Rg5+ Kh8 26. Rf6 Kh7 27. Rh5+ Kg7 28. Rfh6 Rh8 29. Rxh8 Rxh8 30. Rxh8 Kxh8 31. g4 Kh7 32. Kg2 Kh6 33. Kg3 f6 34. h4 b6 35. b4 a5 36. bxa5 bxa5 37. Na4 d5 38. exd5 cxd5 39. Nc5 Kg6 40. a4 f5 41. gxf5+ Kxf5 42. h5 Kg5 43. h6 Kxh6 44. Kg4 Kg6 45. Kf3 Kf5 46. Ke3 e4 47. dxe4+ dxe4 48. b3 Ke5 49. Nd7+ Kd5 50. Nb6+ Kc5 51. Nd7+ Kb4 52. Nb6 Kxb3 53. Kxe4 Kb4 54. Kd4 Ka3 55. Kc4 Ka2 56. Kb5 Ka3 57. Nc4+ Kb3 58. Nxa5+ Ka3 59. Nc6 Kb3 60. a5 Kc3 61. a6 Kd3 62. a7 Ke4 63. a8=Q Kf5 64. Qf8+ Ke4 65. Qf6 Ke3 66. Qf5 Kd2 67. Qe4 Kc3 68. Ka4 Kb2 69. Qf3 Kc2 70. Nd4+ Kb2 71. Qb3+ Kc1 72. Qc2# {[%emt 0:00:04]
TopBrownCave won by checkmate} 1-0

[Event "Fast Chess"]
[Site "ChessKid.com"]
[Date "2020.04.02"]
[Round "1"]
[White "Li, Tobias"]
[Black "Li, Patrick"]
[Result "1-0"]
[ECO "A40"]
[WhiteElo "1205"]
[BlackElo "957"]
[PlyCount "57"]
[EventDate "2020.??.??"]
[TimeControl "600"]
[WhiteClock "0:07:00"]
[BlackClock "0:08:06"]

1. d4 e6 2. Nc3 d6 3. Nf3 Nc6 4. e3 Nf6 5. Be2 e5 6. O-O exd4 7. exd4 Nb4 8.
Re1 Bf5 9. Bd3+ Be7 10. Bxf5 Nbd5 11. Nxd5 Nxd5 12. Be4 Nb4 13. Bxb7 Rb8 14. Be4 Bf6 15. Bd2 Na6 16. h3 Rxb2 17. Bc1 Rb4 18. Bd2 Rb2 19. Bc3 Rb6 20. Qd2 Rb5 21. Bc6+ Kf8 22. Bxb5 Qb8 23. Bxa6 Qb6 24. Qd3 c5 25. dxc5 dxc5 26. Qd8+ Qxd8 27. Bb5 Qa5 28. Bxa5 Bxa1 29. Re8# {[%emt 0:00:03]
OnlyHungryKiwi won by checkmate} 1-0

[Event "Fast Chess"]
[Site "ChessKid.com"]
[Date "2020.04.02"]
[Round "2"]
[White "Dai, Lana"]
[Black "Li, Tobias"]
[Result "1-0"]
[ECO "C50"]
[WhiteElo "1196"]
[BlackElo "1185"]
[PlyCount "99"]
[EventDate "2020.??.??"]
[TimeControl "600"]
[WhiteClock "0:04:37"]
[BlackClock "0:01:46"]

1. e4 e5 2. Nc3 Nf6 3. Nf3 Nc6 4. Bc4 Bc5 5. d3 Ng4 6. Be3 Bxe3 7. fxe3 Nxe3 8. Qd2 Nxg2+ 9. Qxg2 O-O 10. O-O-O d6 11. Rhg1 g6 12. Ng5 Qf6 13. Rgf1 Qg7 14. h4 Na5 15. Bd5 Nc6 16. Nf3 Bd7 17. h5 gxh5 18. Qxg7+ Kxg7 19. Rg1+ Kh8 20. Ng5 f6 21. Nf7+ Rxf7 22. Bxf7 Rf8 23. Bd5 Nd4 24. Rg2 Nc6 25. Rdg1 Ne7 26. a4 Nxd5 27. Nxd5 Bxa4 28. Ne7 h6 29. Rg8+ Rxg8 30. Rxg8+ Kh7 31. Rg6 Be8 32. Rg8 Bf7 33. Rf8 Be6 34. c4 Kg7 35. Ra8 Kf7 36. Ng8 Kg7 37. Ne7 Kf7 38. Nf5 Kg6 39. Rg8+ Kf7 40. Rg7+ Kf8 41. Rxc7 Ke8 42. Ng7+ Kd8 43. Nxe6+ Ke8 44. Rxb7 d5 45. Ng7+ Kd8 46. exd5 a6 47. d6 h4 48. c5 h3 49. c6 h2 50. Rb8# {[%emt 0:00:09] TopBrownCave won by checkmate} 1-0

[Event "Fast Chess"]
[Site "ChessKid.com"]
[Date "2020.04.02"]
[Round "2"]
[White "Sasse, Gabriel"]
[Black "Halimi, Dorian"]
[Result "0-1"]
[ECO "C50"]
[WhiteElo "1176"]
[BlackElo "990"]
[PlyCount "100"]
[EventDate "2020.??.??"]
[TimeControl "600"]
[WhiteClock "0:06:01"]
[BlackClock "0:06:06"]

1. e4 e5 2. Nf3 Nc6 3. Bc4 Bc5 4. Nc3 Nf6 5. h3 h6 6. O-O O-O 7. d3 b6 8. Nb5 Ba6 9. Nxe5 Bxb5 10. Bxb5 Nxe5 11. d4 Bxd4 12. Qxd4 Qe7 13. Qe3 Rad8 14. Qg3 c6 15. Bxh6 g6 16. Bxf8 Qxf8 17. Be2 b5 18. Rad1 Qb4 19. Qxe5 Nh7 20. Rd4 Qxb2 21. Ra1 Qxa1+ 22. Bf1 Qxa2 23. Qe7 Rf8 24. Rxd7 Qxc2 25. Rd8 Rxd8 26. Qxd8+ Nf8 27. Bd3 Qd1+ 28. Kh2 a6 29. Qb6 Ne6 30. Qxc6 Nf4 31. Qe8+ Kg7 32. Kg3 Nxd3 33. Qd8 Qh1 34. Qxd3 b4 35. Qxa6 b3 36. Qa3 Qb1 37. Kf4 b2 38. Qb3 Qc1+ 39. Kf3 b1=Q 40. Qxb1 Qxb1 41. g3 Qh1+ 42. Kf4 Qxh3 43. f3 f6 44. g4 g5+ 45. Kf5 Qxf3+ 46. Ke6 Qxg4+ 47. Kd5 Kf7 48. e5 f5 49. e6+ Ke7 50. Ke5 Qe4# {[%emt 0:00:04]
FullMagentaEclipse won by checkmate} 0-1

[Event "Fast Chess"]
[Site "ChessKid.com"]
[Date "2020.04.02"]
[Round "3"]
[White "Li, Patrick"]
[Black "Dai, Lana"]
[Result "0-1"]
[ECO "C55"]
[WhiteElo "949"]
[BlackElo "1201"]
[PlyCount "64"]
[EventDate "2020.??.??"]
[TimeControl "600"]
[WhiteClock "0:05:51"]
[BlackClock "0:05:27"]

1. e4 e5 2. Nf3 Nc6 3. Nc3 Bc5 4. Bc4 Nf6 5. Ng5 O-O 6.
Nxf7 Rxf7 7. Bxf7+ Kxf7 8. O-O Kg8 9. d3 h6 10. Nd5 Nxd5 11.
exd5 Nd4 12. Qd2 d6 13. h3 Bf5 14. Qa5 Nxc2 15. Rb1 Bxd3 16. Rd1 Be2 17. Re1 b6 18. Rxe2 bxa5 19. Rxc2 Rb8 20. Rd2 Bb4 21. Rc2 Ba3 22. f3 Bc5+ 23. Kh2 Qh4 24. Bd2 Bf2 25. Be1 Qg3+ 26. Kh1 Bxe1 27. Rbc1 Bb4 28. Rc6 Bd2 29. Rxc7 Bxc1 30. Rxa7 Qe1+ 31. Kh2 Bf4+ 32. g3 Rxb2# {[%emt 0:00:03] TopBrownCave won by checkmate} 0-1

[Event "Fast Chess"]
[Site "ChessKid.com"]
[Date "2020.04.02"]
[Round "3"]
[White "Halimi, Dorian"]
[Black "Li, Tobias"]
[Result "0-1"]
[ECO "C47"]
[WhiteElo "975"]
[BlackElo "1195"]
[PlyCount "142"]
[EventDate "2020.??.??"]
[TimeControl "600"]
[WhiteClock "0:04:02"]
[BlackClock "0:05:05"]

1. e4 e5 2. Nf3 Nc6 3. Nc3 Nf6 4. d3 Bc5 5. b3 Ng4 6. Be3 Bxe3 7. fxe3 Nxe3 8. Qe2 Ng4 9. h3 Nf6 10. g4 h6 11. g5 hxg5 12. Nxg5 Nh5 13. Nf3 Nf6 14. Rg1 d6 15. Rxg7 Bxh3 16. Bxh3 Rxh3 17. Nd5 Rh1+ 18. Kd2 Rxa1 19. Nxf6+ Qxf6 20. Rg8+ Ke7 21.
Rxa8 Rxa2 22. Rc8 Kd7 23. Rg8 Nb4 24. Ne1 Qe6 25. Qg2 Qxb3 26.
Qg4+ Qe6 27. Qxe6+ Kxe6 28. Re8+ Kd7 29. Rf8 Ke7 30. Rb8 b6 31. Kc1 Ra1+ 32. Kd2 Kd7 33. Kc3 Rxe1 34. Kxb4 Kc6 35. Rf8 Rc1 36. Kc3 Rf1 37. d4 Re1 38. Rxf7 Rxe4 39. Kc4 Rxd4+ 40. Kc3 Kc5 41. Rxc7+ Kd5 42. Rxa7 Rc4+ 43. Kd3 b5 44. Rb7 b4 45. Rb5+ Rc5 46. Rxb4 Ke6 47. c4 d5 48. Rb5 Rxb5 49. cxb5 Kd6 50. b6 Kc6 51. Ke3 Kxb6 52. Kd3 Kc5 53. Kd2 d4 54. Kd3 Kd5 55. Kd2 e4 56. Ke2 d3+ 57. Kd2 Kc4 58. Ke3 Kc3 59. Kxe4 d2 60. Ke3 d1=Q 61. Ke4 Qd2 62. Ke5 Kc4 63. Kf5 Qe3 64. Kg4 Qf2 65. Kg5 Kd5 66. Kg6 Ke5 67. Kg5 Qf5+ 68. Kh4 Qg6 69. Kh3 Kf4 70. Kh2 Kf3 71. Kh1 Qg2# {[%emt 0:00:01] OnlyHungryKiwi won by
checkmate} 0-1

[Event "Fast Chess"]
[Site "ChessKid.com"]
[Date "2020.04.03"]
[Round "1"]
[White "Halimi, Dorian"]
[Black "Dai, Lana"]
[Result "0-1"]
[ECO "C48"]
[WhiteElo "963"]
[BlackElo "1225"]
[PlyCount "120"]
[EventDate "2020.??.??"]
[TimeControl "600"]
[WhiteClock "0:03:51"]
[BlackClock "0:05:42"]

1. e4 e5 2. Nf3 Nc6 3. Nc3 Bc5 4. Bb5 Nf6 5. Bxc6 dxc6 6.
O-O Bg4 7. h3 Bh5 8. g4 Bg6 9. Nxe5 Bd4 10. Nxg6 fxg6 11. d3 h6 12. h4 h5 13. g5 Ng4 14. Qe1 O-O 15. Be3 Bxe3 16. fxe3 Rxf1+ 17. Qxf1 Nxe3 18. Qe2 Ng4 19. Rf1 Qd6 20. Kg2 Qh2+ 21. Kf3 Qh3+ 22. Kf4 Qh2+ 23. Qxh2 Nxh2 24. Rf2 Ng4 25. Kg3 Nxf2 26. Kxf2 Rf8+ 27. Ke2 c5 28. Ke3 c6 29. b3 b5 30. a4 b4 31. Ne2 a5 32. e5 Re8 33. d4 cxd4+ 34. Kxd4 Re6 35. Nf4 Re8 36. Nxg6 Rd8+ 37. Ke4 c5 38. Kf5 Rd2 39. e6 Rf2+ 40. Ke5 Re2+ 41. Kf5 Rxc2 42. e7 Re2 43. Kf4 c4 44. bxc4 b3 45. c5 b2 46. c6 b1=Q 47. c7 Qe4+ 48. Kg3 Re3+ 49. Kf2 Qf3+ 50. Kg1 Re1+ 51. Kh2 Qf2+ 52. Kh3 Qf5+ 53. Kg3 Re3+ 54. Kg2 Qg4+ 55. Kf2 Qf3+ 56. Kg1 Qg3+ 57. Kf1 Qe1+ 58. Kg2 Rg3+ 59. Kh2 Qf2+ 60. Kh1 Rg1# {[%emt 0:00:03] TopBrownCave won by
checkmate} 0-1

[Event "Fast Chess"]
[Site "ChessKid.com"]
[Date "2020.04.03"]
[Round "1"]
[White "Sasse, Gabriel"]
[Black "Li, Patrick"]
[Result "1-0"]
[ECO "C50"]
[WhiteElo "1195"]
[BlackElo "934"]
[PlyCount "35"]
[EventDate "2020.??.??"]
[TimeControl "600"]
[WhiteClock "0:07:21"]
[BlackClock "0:08:38"]

1. e4 e5 2. Nf3 Nc6 3. Bc4 Bc5 4. h3 Nf6 5. Ng5 O-O 6. Qf3 h6 7. Ne6 dxe6 8. Qg3 Nxe4 9. Qg4 Nf6 10. Qg3 Qd4 11. d3 Bd7 12. Bxh6 Nh5 13.
Qg5 e4 14. g4 Kh7 15. gxh5 Qxf2+ 16. Kd1 Qf3+ 17. Ke1 Qf5 18.
Qxg7# {[%emt 0:00:07] LimeFarActor won by checkmate} 1-0

[Event "Fast Chess"]
[Site "ChessKid.com"]
[Date "2020.04.03"]
[Round "2"]
[White "Dai, Lana"]
[Black "Sasse, Gabriel"]
[Result "0-1"]
[ECO "C50"]
[WhiteElo "1214"]
[BlackElo "1204"]
[PlyCount "112"]
[EventDate "2020.??.??"]
[TimeControl "600"]
[WhiteClock "0:05:01"]
[BlackClock "0:00:08"]

1. e4 e5 2. Nf3 Nc6 3. Bc4 Bc5 4. Nc3 Nf6 5. d3 h6 6. O-O O-O 7. Be3 Bxe3 8. fxe3 Ne8 9. d4 exd4 10. exd4 Qf6 11. e5 Qg6 12. Bd3 Qg4 13. h3 Qh5 14. d5 d6 15. exd6 Na5 16. dxc7 Nxc7 17. Be4 Bf5 18. Bxf5 Qxf5 19. Nh4 Qg5 20. Qe2 Qxh4 21. d6 Rae8 22. Qd2 Ne6 23. d7 Re7 24. d8=Q Nxd8 25. Rae1 Rxe1 26. Rxe1 Ndc6 27. Re4 Qf6 28. Nd5 Qd8 29. c4 Re8 30. Rxe8+ Qxe8 31. Nc7 Qe7 32. Nd5 Qe5 33. Qd3 Qe1+ 34. Kh2 Qe5+ 35. Kg1 Qxb2 36. Ne7+ Kf8 37. Nxc6 Nxc6 38. Qd6+ Ke8 39. Qc7 Qxa2 40. Qxb7 Qxc4 41. Qc8+ Ke7 42. Qc7+ Ke6 43. Qc8+ Ke5 44. Qc7+ Ke4 45. Qb7 Kf4 46. Qc7+ Ke3 47. Qg3+ Kd2 48. Qf4+ Qxf4 49. Kh1 a5 50. h4 a4 51. g4 a3 52. g5 hxg5 53. hxg5 a2 54. Kg2 a1=Q 55. g6 fxg6 56. Kh3 Qh1# {[%emt 0:00:02] LimeFarActor won by checkmate} 0-1

[Event "Fast Chess"]
[Site "ChessKid.com"]
[Date "2020.04.03"]
[Round "2"]
[White "Li, Patrick"]
[Black "Halimi, Dorian"]
[Result "0-1"]
[ECO "C55"]
[WhiteElo "919"]
[BlackElo "990"]
[PlyCount "48"]
[EventDate "2020.??.??"]
[TimeControl "600"]
[WhiteClock "0:08:25"]
[BlackClock "0:06:45"]

1. e4 e5 2. Nf3 Nf6 3. Nc3 Bb4 4. Bc4 Bxc3 5. dxc3 Nc6 6.
O-O O-O 7. h3 Qe7 8. Re1 b6 9. Be3 Na5 10. Bg5 Nxc4 11. Qd3 Nxb2 12. Qe3 Ba6 13. Rab1 Nc4 14. Qe2 Qa3 15. Qd1 Qxa2 16. Qd5 Nxd5 17. exd5 Qxc2 18. Nxe5 Nxe5 19. Rec1 Qe2 20. Re1 Qd2 21. Rb3 Qxe1+ 22. Kh2 Nd3 23. Rb2 Nxf2 24. g3 Qh1# {[%emt 0:00:04] FullMagentaEclipse won by checkmate} 0-1

[Event "Fast Chess"]
[Site "ChessKid.com"]
[Date "2020.04.03"]
[Round "3"]
[White "Sasse, Gabriel"]
[Black "Halimi, Dorian"]
[Result "1-0"]
[ECO "C42"]
[WhiteElo "1208"]
[BlackElo "978"]
[PlyCount "175"]
[EventDate "2020.??.??"]
[TimeControl "600"]
[WhiteClock "0:02:35"]
[BlackClock "0:04:20"]

1. e4 e5 2. Nf3 Nf6 3. Bc4 Bc5 4. Ng5 Kf8 5. Nxf7 Qe8 6.
Nxh8 Ng4 7. Qxg4 Nc6 8. Qf3+ Ke7 9. Nf7 Nd4 10. Qd1 b6 11.
Na3 Bb7 12. Qh5 Bxe4 13. Qxe5+ Kf8 14. Qxe8+ Kxe8 15. Ng5 Bxg2 16. Rg1 Bc6 17. d3 a5 18. Be3 Rb8 19. c3 Nf3+ 20. Kf1 Nxg1 21. Bxc5 bxc5 22. Kxg1 Rxb2 23. Re1+ Kd8 24.
Nxh7 d5 25. Bb3 a4 26. Bd1 Rxa2 27. Nb1 a3 28. Nxa3 Rxa3 29. c4 dxc4 30. dxc4 Rc3 31. Be2 Rc2 32. Ng5 Rd2 33. Ne6+ Kd7 34. Nxc5+ Kd6 35. Ne4+ Bxe4 36. Bf1 Kd7 37. Rxe4 g5 38. Rg4 c5 39. Rxg5 Rd6 40. Rxc5 Rg6+ 41. Kh1 Kd6 42. Rb5 Kc6 43. Ra5 Kb6 44. Rh5 Rg7 45. c5+ Kc6 46. Rh6+ Kxc5 47. Rf6 Kd5 48. h4 Ke5 49. Rf3 Rh7 50. Kg2 Rxh4 51. Kg3 Rh5 52. Be2 Rg5+ 53. Kh3 Ke4 54. Kh4 Rg1 55. Rf8 Re1 56. Bf3+ Ke5 57. Kg5 Ke6 58. Bh5 Ke7 59. Rf3 Re5+ 60. Kg4 Ke6 61. Bf7+ Ke7 62. Bg6 Ke6 63. Kf4 Rd5 64. Re3+ Kf6 65. Ke4 Re5+ 66. Kd4 Ra5 67. Rg3 Ke6 68. Rf3 Rd5+ 69. Ke4 Re5+ 70. Kf4 Kf6 71. Rg3 Rd5 72. Rd3 Re5 73. Re3 Rg5 74. Rf3 Kxg6 75. Rg3 Rxg3 76. fxg3 Kh5 77. Kf5 Kh6 78. g4 Kg7 79. g5 Kg8 80. Kf6 Kf8 81. g6 Kg8 82. Kg5 Kg7 83. Kf5 Kh6 84. Kf6 Kh5 85. Kf7 Kh6 86. g7 Kh7 87. g8=Q+ Kh6 88. Qg6# {[%emt 0:00:03] LimeFarActor won by checkmate}
1-0

[Event "Fast Chess"]
[Site "ChessKid.com"]
[Date "2020.04.03"]
[Round "3"]
[White "Donchev, Martin"]
[Black "Dai, Lana"]
[Result "0-1"]
[ECO "C20"]
[WhiteElo "911"]
[BlackElo "1218"]
[PlyCount "72"]
[EventDate "2020.??.??"]
[TimeControl "600"]
[WhiteClock "0:05:39"]
[BlackClock "0:05:23"]

1. e4 e5 2. Bb5 Nf6 3. Nf3 Bc5 4. Nxe5 Qe7 5. Nc4 Nxe4 6.
f3 Nc3+ 7. Ne3 Nxd1 8. Kxd1 Bxe3 9. dxe3 Qd6+ 10. Ke2 Nc6 11. f4 Qf6 12. Bd2 d6 13. Bb4 Bg4+ 14. Ke1 Qxb2 15. Nd2 Qxc2 16. Rd1 Qxd1+ 17. Kf2 Qxh1 18. h3 Qc1 19. Nb3 Qc2+ 20. Kg3 Qxa2 21. Nd4 Qb2 22. Ne2 Qxb4 23. Bd3 Qb3 24. Be4 Bxe2 25. h4 Qxe3+ 26. Kh2 Qxf4+ 27. Kh3 Qg4+ 28. Kh2 Qxe4 29. Kg1 Qe3+ 30. Kh2 Qf2 31. h5 Qh4+ 32. Kg1 Nd4 33. g4 Qe1+ 34. Kh2 Nf3+ 35. Kg2 Qg1+ 36. Kh3 Qh2# {[%emt 0:00:05] TopBrownCave won by
checkmate} 0-1

[Event "Fast Chess"]
[Site "ChessKid.com"]
[Date "2020.04.06"]
[Round "1"]
[White "Li, Tobias"]
[Black "Sasse, Gabriel"]
[Result "0-1"]
[ECO "C55"]
[WhiteElo "1209"]
[BlackElo "1279"]
[PlyCount "62"]
[EventDate "2020.??.??"]
[TimeControl "600"]
[WhiteClock "0:08:29"]
[BlackClock "0:08:10"]

1. e4 e5 2. Nf3 Nc6 3. Nc3 Bc5 4. Bc4 Nf6 5. Ng5 O-O 6.
O-O h6 7. Nxf7 Rxf7 8. Bxf7+ Kxf7 9. Re1 Nh7 10. d3 Qf6 11. Be3 Bxe3 12. Rxe3 Qg6 13. Qf3+ Kg8 14. Qg3 Qxg3 15. Rxg3 Nd4 16. Rc1 Ne2+ 17. Nxe2 d6 18. Nc3 c6 19. b4 d5 20. exd5 cxd5 21. Nxd5 Be6 22. Nc7 Rc8 23. Nxe6 Re8 24. Rxg7+ Kh8 25. Rxb7 Rxe6 26. Rxa7 Ng5 27. c4 e4 28. dxe4 Nxe4 29. c5 Nd2 30. c6 Nc4 31. Rxc4 Re1# {[%emt 0:00:02] LimeFarActor won by
checkmate} 0-1

[Event "Fast Chess"]
[Site "ChessKid.com"]
[Date "2020.04.06"]
[Round "1"]
[White "Dai, Lana"]
[Black "Hessenberger, Oliver"]
[Result "1-0"]
[ECO "C25"]
[WhiteElo "1226"]
[BlackElo "1078"]
[PlyCount "79"]
[EventDate "2020.??.??"]
[TimeControl "600"]
[WhiteClock "0:04:45"]
[BlackClock "0:04:48"]

1. e4 e5 2. Nc3 Nc6 3. Bc4 Bb4 4. Nd5 Nf6 5. Nxb4 Nxe4 6.
Nxc6 Qf6 7. Nf3 dxc6 8. d3 Nc5 9. Bg5 Qg6 10. O-O Bg4 11. Be3 Ne6 12. h3 Bh5 13. Nh4 Bxd1 14. Nxg6 fxg6 15. Raxd1 Nc5 16. d4 Ne4 17. dxe5 Nc5 18. Bxc5 Rd8 19. Rxd8+ Kxd8 20. e6 Re8 21. Rd1+ Kc8 22. e7 b5 23. Be6+ Kb7 24. Bd7 Rb8 25. e8=Q Rxe8 26. Bxe8 Kc8 27. Bxa7 Kb7 28. Be3 Ka6 29. f4 Kb7 30. b4 Kb8 31. g4 h5 32. gxh5 gxh5 33.
f5 c5 34. bxc5 Kb7 35. Rd7 Kc6 36. Rxg7+ Kd5 37. f6 Ke6 38. f7 Ke7 39. Bg5+ Kf8 40. Rg8# {[%emt 0:00:13] TopBrownCave won by checkmate} 1-0

[Event "Fast Chess"]
[Site "ChessKid.com"]
[Date "2020.04.06"]
[Round "2"]
[White "Li, Tobias"]
[Black "Dai, Lana"]
[Result "1-0"]
[ECO "C50"]
[WhiteElo "1220"]
[BlackElo "1217"]
[PlyCount "85"]
[EventDate "2020.??.??"]
[TimeControl "600"]
[WhiteClock "0:00:18"]
[BlackClock "0:03:39"]

1. e4 e5 2. Nc3 Nf6 3. Nf3 Nc6 4. Bc4 Bc5 5. O-O d6 6. Ng5 Be6 7. Bxe6 fxe6 8. Nxe6 Qd7 9. Ng5 h6 10. Nf3 Qg4 11. h3 Qd7 12. d3 O-O 13. Bd2 d5 14. a3 dxe4 15. dxe4 Nd4 16. Be3 Nxf3+ 17. Qxf3 Bxe3 18. Qxe3 Qe6 19. Rfd1 c6 20. Rd2 b6 21. Ne2 c5 22. b4 cxb4 23. axb4 Nh5 24. Ng3 Nf4 25. Ne2 Qc4 26. Nxf4 exf4 27. Qf3 Qxb4 28. Rad1 Qe7 29. Rd7 Qe6 30. R7d5 Rac8 31. R1d2 Qe7 32. Qb3 Kh8 33. Qf3 Qe6 34. e5 Rcd8 35. Rxd8 Rxd8 36. Rxd8+ Kh7 37. Qxf4 g6 38. Ra8 a5 39. Ra7+ Kg8 40. Qd4 Qe8 41. Qf4 Kh8 42. Qxh6+ Kg8 43. Qg7# {[%emt 0:00:01] OnlyHungryKiwi won by checkmate} 1-0

[Event "Fast Chess"]
[Site "ChessKid.com"]
[Date "2020.04.06"]
[Round "2"]
[White "Hessenberger, Oliver"]
[Black "Steeg, Moritz"]
[Result "1-0"]
[ECO "C49"]
[WhiteElo "1097"]
[BlackElo "1075"]
[PlyCount "27"]
[EventDate "2020.??.??"]
[TimeControl "600"]
[WhiteClock "0:08:55"]
[BlackClock "0:08:57"]

1. e4 e5 2. Nf3 Nc6 3. Nc3 Nf6 4. Bb5 Bb4 5. Bxc6 dxc6 6.
Nxe5 Bxc3 7. bxc3 Bg4 8. Nxg4 Nxg4 9. Qxg4 Qf6 10. Bb2 O-O 11. Rb1 Rfe8 12. c4 Re5 13. Bxe5 Qe7 14. Qxg7# {
[%emt 0:00:05] VastMellowGhost won by checkmate} 1-0

[Event "Fast Chess"]
[Site "ChessKid.com"]
[Date "2020.04.06"]
[Round "3"]
[White "Dai, Lana"]
[Black "Sasse, Gabriel"]
[Result "1-0"]
[ECO "C50"]
[WhiteElo "1228"]
[BlackElo "1272"]
[PlyCount "141"]
[EventDate "2020.??.??"]
[TimeControl "600"]
[WhiteClock "0:05:16"]
[BlackClock "0:00:25"]

1. e4 e5 2. Nc3 Nc6 3. Bc4 Nf6 4. Nf3 Bc5 5. d3 h6 6. Nd5 Nxd5 7. exd5 Ne7 8. Nxe5 O-O 9. d4 Bb6 10. Bf4 d6 11. Nd3 Nf5 12. c3 Nxd4 13. cxd4 Bxd4 14. O-O Qf6 15. Rb1 Qg6 16. Qe2 Bh3 17. g3 Bxf1 18. Qxf1 Rae8 19. Bb5 Rc8 20. Bc4 Rce8 21. Bb5 Rd8 22. Be3 Bxe3 23. fxe3 Qg5 24. Re1 Rde8 25. Qf3 Rd8 26. h4 Qg6 27. h5 Qg5 28. g4 Qh4 29. Kg2 Qf6 30. Qxf6 gxf6 31. Rf1 Rde8 32. Re1 c6 33. dxc6 bxc6 34. Bxc6 Rc8 35. Ba4 Rfd8 36. e4 d5 37. e5 fxe5 38. Rxe5 d4 39. g5 hxg5 40. Rxg5+ Kh7 41. Rf5 Kg7 42. Rg5+ Kh6 43. Rf5 Rc4 44. b3 Rc2+ 45. Kf3 Rxa2 46. Ne5 Ra1 47. Nxf7+ Kg7 48. Nxd8 Rf1+ 49. Ke4 Rxf5 50. Kxf5 Kh6 51. Kg4 d3 52. b4 a6 53. Nf7+ Kh7 54. Kg5 Kg7 55. Ne5 Kh7 56. h6 d2 57. Bc2+ Kh8 58.
Kg6 d1=Q 59. Bxd1 Kg8 60. Bb3+ Kf8 61. h7 Ke7 62. h8=Q Kd6 63.
Qf6+ Kc7 64. Kf5 Kb7 65. Nd3 Kc7 66. Ke5 Kd7 67. Qd6+ Kc8 68.
Qe7 Kb8 69. Kd6 a5 70. Kc6 axb4 71. Qb7# {[%emt 0:00:02]
TopBrownCave won by checkmate} 1-0

[Event "Fast Chess"]
[Site "ChessKid.com"]
[Date "2020.04.06"]
[Round "3"]
[White "Li, Patrick"]
[Black "Li, Tobias"]
[Result "0-1"]
[ECO "C57"]
[WhiteElo "924"]
[BlackElo "1223"]
[PlyCount "48"]
[EventDate "2020.??.??"]
[TimeControl "600"]
[WhiteClock "0:08:34"]
[BlackClock "0:07:20"]

1. e4 e5 2. Nf3 Nc6 3. Nc3 Nf6 4. Bc4 Bc5 5. Ng5 O-O 6.
Nxf7 Rxf7 7. Bxf7+ Kxf7 8. O-O Kg8 9. h3 d6 10. Nd5 Nxd5 11.
exd5 Nb4 12. c4 Bf5 13. Qh5 Bg6 14. Qg4 Nc2 15. Rb1 Ne3 16.
Qf3 Nxf1 17. Kxf1 Bxb1 18. Qg4 Qf6 19. Qg3 Bxa2 20. d3 Bb1 21.
Bh6 Qxh6 22. Qg4 Qg6 23. Qd1 Bxd3+ 24. Ke1 Qf6 {[%emt 0:00:02] OnlyHungryKiwi won by resignation} 0-1

[Event "Fast Chess"]
[Site "ChessKid.com"]
[Date "2020.04.07"]
[Round "1"]
[White "Dai, Lana"]
[Black "Georgiev, Maximilian"]
[Result "0-1"]
[ECO "C55"]
[WhiteElo "1231"]
[BlackElo "1323"]
[PlyCount "114"]
[EventDate "2020.??.??"]
[TimeControl "600"]
[WhiteClock "0:06:38"]
[BlackClock "0:03:17"]

1. e4 e5 2. Nf3 Nc6 3. Bc4 h6 4. Nc3 Nf6 5. h3 Bb4 6. d3 a6 7. Be3 O-O 8. O-O d6 9. Bd5 Nxd5 10. exd5 Nd4 11. Bxd4 exd4 12. Nxd4 Re8 13. Re1 Rxe1+ 14. Qxe1 c5 15. Nf3 Bd7 16. d4 cxd4 17. Nxd4 Qc7 18. Nf5 Bxf5 19. Rc1 Bd7 20. a3 Ba5 21. Rd1 Ba4 22. Rd3 Bxc2 23. Re3 Qd7 24. b4 Bb6 25. Re2 Bg6 26. a4 f6 27. a5 Bd4 28.
Nd1 Re8 29. Rxe8+ Bxe8 30. Ne3 Kf7 31. Nc4 b5 32. Nb6 Bxb6 33.
axb6 Qb7 34. Qe3 g5 35. Qd4 Qd7 36. Qa1 Qb7 37. Qd4 Kg6 38.
Qe4+ f5 39. Qxe8+ Kg7 40. Qe3 f4 41. Qd4+ Kf7 42. Qh8 Qxb6 43.
Qh7+ Ke8 44. Qxh6 Qd4 45. Qxg5 Qxb4 46. Qxf4 Qxf4 47. g3 Qc1+ 48. Kg2 a5 49. f4 a4 50. f5 a3 51. f6 a2 52. f7+ Kxf7 53. g4 a1=Q 54. g5 Qg7 55. g6+ Qxg6+ 56. Kh2 Qd2+ 57. Kh1 Qdg2# {[%emt 0:00:01]
TallSnazzyBall won by checkmate} 0-1